 Dungeon Crawl Stone Soup version 0.26-a0-52-gd53d4cd (webtiles) character file.

Game seed: 2018454863281917102

659 Faca the Skirmisher (level 7, -4/61 HPs)
             Began as a Barachi Fighter on June 6, 2020.
             Was an Initiate of Cheibriados.
             Killed by divine providence
             ... invoked by an orc priest
              (9 damage)
             ... on level 4 of the Dungeon.
             The game lasted 00:06:24 (4097 turns).

Faca the Skirmisher (Barachi Fighter)               Turns: 4097, Time: 00:06:25

Health: -4/61      AC: 13    Str: 20 (21) XL:     7   Next: 55%
Magic:  7/7        EV:  5    Int:  7 (9)  God:    Cheibriados [......]
Gold:   233        SH: 14    Dex: 10 (12) Spells: 6/6 levels left

rFire    . . .     SeeInvis .   a - +0 long sword
rCold    . . .     Gourm    .   c - +0 kite shield
rNeg     . . .     Faith    .   h - +0 chain mail
rPois    .         Spirit   .   m - +2 helmet
rElec    .         Reflect  +   (no cloak)
rCorr    .         Harm     .   o - +0 pair of gloves
MR       .....                  (no boots)
Stlth    ..........             u - amulet of reflection
HPRegen  0.20/turn              (no ring)
MPRegen  0.10/turn              (no ring)

@: mighty, very slow
A: +LOS, swims, slowness 1, strong legs 1
a: Hop, Bend Time, Renounce Religion


You were on level 4 of the Dungeon.
You worshipped Cheibriados.
Cheibriados was noncommittal.
You were not hungry.

You visited 2 branches of the dungeon, and saw 5 of its levels.

You collected 233 gold pieces.

Inventory:

Hand Weapons
 a - a +0 long sword (weapon)
Missiles
 s - 6 javelins (quivered)
Armour
 c - a +0 kite shield (worn)
 h - a +0 chain mail (worn)
 m - a +2 helmet (worn)
 o - a +0 pair of gloves (worn)
Jewellery
 d - an uncursed ring of ice
 r - an uncursed ring of fire
 u - an amulet of reflection (around neck)
Wands
 l - a wand of disintegration (9)
Scrolls
 i - 3 scrolls of remove curse
 p - 2 scrolls of teleportation
 q - a scroll of blinking
 w - a scroll of fear
Potions
 b - a potion of degeneration
 e - a potion of might
 g - a potion of resistance {unknown}
 j - a potion of ambrosia {unknown}
 k - 2 potions of invisibility {unknown}
 n - a potion of mutation {unknown}
 t - a potion of curing {unknown}
 v - a potion of heal wounds {unknown}
Comestibles
 f - 9 rations
 x - 2 chunks of flesh


   Skills:
 + Level 7.7 Fighting
 + Level 7.1 Long Blades
 - Level 3.6 Armour
 - Level 3.2 Shields


You had 6 spell levels left.
You didn't know any spells.
Your spell library contained the following spells:

 Spells                   Type           Power        Failure   Level  Hunger
 Confusing Touch          Hex            #.......     100%        3    ####...
 Gell's Gravitas          Tloc           #.........   100%        3    ####...
 Petrify                  Tmut/Erth      #.......     100%        4    #####..
 Metabolic Englaciation   Hex/Ice        #.........   100%        5    ######.
 Yara's Violent Unravell  Hex/Tmut       #.........   100%        5    ######.


Dungeon Overview and Level Annotations

Branches:
Dungeon (4/15)             Temple (1/1) D:4

Altars:
Ashenzari
Cheibriados
Fedhas
Kikubaaqudgha
Nemelex Xobeh
Sif Muna
Uskayaw
Xom
Yredelemnul
Zin


Innate Abilities, Weirdness & Mutations

You can be seen from farther away. (+LOS)
You can swim through water.
You cover ground slowly.
You can hop short distances.


Message History

Your chain mail prevents you from hitting the orc priest.
The orc priest is almost dead.
You block the orc priest's attack.
The orc priest mumbles some strange prayers to Beogh against you.
Beogh smites you!
* * * LOW HITPOINT WARNING * * *
You hit the orc priest.
You kill the orc priest!
Cheibriados thoroughly appreciates the change of pace.
The orc priest calls down the wrath of Beogh upon you.
Beogh smites you!
* * * LOW HITPOINT WARNING * * *
An orc wizard comes into view. It is wielding a +0 dagger.
It was a potion of degeneration.
There was something very wrong with that liquid.
You feel weakened.
You feel dopey.
You feel clumsy.
The orc wizard shouts!
The orc priest invokes the aid of Beogh against you.
Beogh smites you!
You die...

####............#
...#.##.........#
##.#.##.#########
#...##.# ##.....#
#.##### #.# # #.#
######o# #.# #...@oo#
. #.# #..##### .##.##
#..#.. .... ##.#.#
##.######## #.#.#
..........####.#.#
.##.........##.#.###
..........[.##.....#
.##.........######.##


You could see 2 orc priests and an orc wizard.

Vanquished Creatures
  Edmund (D:4)
  An ogre (D:4)
  Blork the orc (D:4)
  An orc priest (D:4)
  A bullfrog skeleton (D:3)
  Natasha (twice) (D:2 D:1)
  3 worker ants (D:4)
  Robin (D:4)
  8 adders
  3 oozes
  2 adder skeletons
  5 worms
  6 dart slugs
  3 leopard geckos
  An orc (D:3)
  A ball python (D:2)
  2 giant cockroaches
  14 goblins
  17 hobgoblins
  2 jackals (D:1)
  A quokka (D:3)
  4 bats
  5 frilled lizards
  5 kobolds
  10 rats
100 creatures vanquished.

Notes
Turn   | Place    | Note
-------+----------+-------------------------------------------
     0 | D:1      | Faca the Barachi Fighter began the quest for the Orb.
     0 | D:1      | Reached XP level 1. HP: 18/18 MP: 1/1
   109 | D:1      | Reached XP level 2. HP: 25/25 MP: 2/2
   897 | D:1      | Reached XP level 3. HP: 22/31 MP: 3/3
  1264 | D:2      | Reached XP level 4. HP: 38/38 MP: 4/4
  1354 | D:2      | Noticed Natasha
  1373 | D:2      | Killed Natasha
  1373 | D:2      | Reached skill level 5 in Fighting
  1418 | D:2      | Noticed Natasha
  1439 | D:1      | Killed Natasha
  1439 | D:1      | Reached XP level 5. HP: 22/44 MP: 5/5
  1972 | D:2      | Found an ancient bone altar of Kikubaaqudgha.
  2189 | D:3      | Reached skill level 5 in Long Blades
  2977 | D:4      | Reached XP level 6. HP: 52/52 MP: 6/6
  3006 | D:4      | Noticed Robin
  3042 | D:4      | Killed Robin
  3249 | D:4      | Noticed Blork the orc
  3273 | D:4      | Killed Blork the orc
  3483 | D:4      | Reached XP level 7. HP: 32/60 MP: 7/7
  3739 | D:4      | Found a staircase to the Ecumenical Temple.
  3740 | D:4      | Noticed Edmund
  3764 | D:4      | Killed Edmund
  3797 | Temple   | Entered the Ecumenical Temple
  4000 | Temple   | Became a worshipper of Cheibriados the Contemplative
  4097 | D:4      | Killed from afar by an orc priest

Illustrated notes

Levels and vault maps discovered:
D:1:      roderic_dead_forest, layout_basic, minmay_unequal
D:2:      layout_rooms, nicolae_overflow_hidden_temple, first_ration,
          uniq_natasha
D:3:      layout_basic
D:4:      layout_basic, nicolae_overflow_quartered_altars,
          gammafunk_temple_overflow_elements, minmay_temple_entry_sparse_star,
          kennysheep_another_room, hex_intersection, grunt_ministairs_6,
          minivault_4, minmay_goblin_outpost, uniq_edmund, uniq_blork_the_orc,
          uniq_robin
Temple:   dpeg_three_leaves_temple

Skill      XL: |  1  2  3  4  5  6  7 |
---------------+----------------------+-----
Fighting       | 4 5 6 7 |  7.7
Long Blades    | 3 4 5 6 7 |  7.1
Armour         | |  3.6
Shields        | |  3.2

Action                   |  1- 3 |  4- 6 |  7- 9 || total
-------------------------+-------+-------+-------++-------
Melee: Long sword        |   101 |   241 |    62 ||   404
  Use: Scroll            |     2 |     4 |       ||     6
       Potion            |     1 |       |     2 ||     3
  Eat: Chunk             |     2 |     8 |     2 ||    12
Armor: Chain mail        |    95 |   119 |    30 ||   244
Dodge: Dodged            |    16 |    58 |    11 ||    85
Block: Kite shield       |    69 |   112 |    28 ||   209
       Rpst.: Long sword |     7 |    22 |     3 ||    32

Table legend:
 A = Non-vault XP
 B = Vault XP
 C = Vault XP percentage of total XP
 D = Non-vault monster count
 E = Vault monster count
 F = Vault count percentage of total count
                 A         B        C        D         E       F
            +---------+---------+-------+---------+---------+-------
      Total |     582 |     360 |  38.2 |      72 |      28 |  28.0
            +---------+---------+-------+---------+---------+-------
        D:1 |     107 |       5 |   4.5 |      23 |       2 |   8.0
        D:2 |      72 |      35 |  32.7 |      23 |       1 |   4.2
        D:3 |      81 |       0 |   0.0 |      14 |       0 |   0.0
        D:4 |     322 |     320 |  49.8 |      12 |      25 |  67.6
            +---------+---------+-------+---------+---------+-------
